 Dungeon Crawl Stone Soup version 0.30-a0-371-gad7725a93e (webtiles) character file.

Game seed: 14199371812150968619

13121 Muataran the Grappler (level 11, -2/113 HPs)
             Began as a Troll Monk on Nov 20, 2022.
             Was a High Priest of Qazlal.
             Slain by a two-headed ogre
             ... wielding a +0 giant spiked club
              (7 damage)
             ... on level 11 of the Dungeon.
             The game lasted 00:21:43 (10928 turns).

Muataran the Grappler (Troll Monk)                 Turns: 10928, Time: 00:21:45

Health: -2/113     AC:  9    Str: 21    XL:     11   Next: 71%
Magic:  10/10      EV:  7    Int: 10    God:    Qazlal [*****.]
Gold:   543        SH: 21    Dex: 12    Spells: 10/10 levels left

rFire   . . .      SeeInvis .      - Unarmed
rCold   . . .      Faith    .    w - +0 tower shield
rNeg    . . .      Spirit   .    F - +0 troll leather armour
rPois   .          Reflect  .    (helmet restricted)
rElec   .          Harm     .    (no cloak)
rCorr   .          Rampage  .    (gloves unavailable)
Will    .....                    (boots unavailable)
Stlth   +.........               (no amulet)
HPRegen 1.98/turn                (no ring)
MPRegen 0.12/turn                (no ring)

@: protected from physical damage, repel missiles
A: large, unfitting armour, claws 3, regeneration 1, shaggy fur 1, tough skin 1
a: Renounce Religion, Upheaval, Elemental Force, Disaster Area


You were on level 11 of the Dungeon.
You worshipped Qazlal.
Qazlal was extremely pleased with you.
You visited 1 branch of the dungeon, and saw 11 of its levels.
You also visited: Ossuary and Bailey.

You collected 690 gold pieces.
You spent 147 gold pieces at shops.

Inventory:

Missiles
 E - a throwing net (quivered)
Armour
 w - a +0 tower shield (worn)
 F - a +0 troll leather armour (worn)
Jewellery
 m - a ring of protection from fire
 D - a ring of poison resistance
 H - a +4 ring of protection
Wands
 h - a wand of mindburst (8)
 C - a wand of paralysis (2)
Scrolls
 a - 3 scrolls of noise {unknown}
 c - a scroll of amnesia
 d - 3 scrolls of fear
 f - 15 scrolls of identify
 j - 3 scrolls of teleportation
 n - 5 scrolls of vulnerability {unknown}
 o - 3 scrolls of magic mapping
 t - 2 scrolls of poison
 x - a scroll of fog
 y - 3 scrolls of blinking {unknown}
 A - 2 scrolls of enchant armour
 G - 2 scrolls of silence {unknown}
 I - a scroll of enchant weapon {unknown}
Potions
 b - 3 potions of heal wounds {unknown}
 e - 3 potions of attraction {unknown}
 g - 3 potions of flight
 i - 2 potions of mutation {unknown}
 k - a potion of haste {unknown}
 l - 3 potions of curing
 p - 4 potions of brilliance
 q - 4 potions of magic
 r - a potion of berserk rage {unknown}
 s - 4 potions of degeneration
 u - 2 potions of lignification {unknown}
 v - 3 potions of invisibility {unknown}
 z - 2 potions of ambrosia
 B - 2 potions of might {unknown}


   Skills:
 + Level 8.6 Fighting
 - Level 2.4 Dodging
 - Level 1.0 Stealth
 + Level 8.1 Shields
 * Level 14.0 Unarmed Combat


You had 10 spell levels left.
You didn't know any spells.
Your spell library contained the following spells:

 Spells                   Type           Power      Damage    Failure   Level
 Magic Dart               Conj           0%         1d3       91%         1
 Sting                    Tmut/Pois      0%         1d3       91%         1
 Poisonous Vapours        Pois/Air       0%         N/A       97%         2
 Sublimation of Blood     Necr           0%         N/A       97%         2
 Call Canine Familiar     Summ           0%         N/A       99%         3
 Dazzling Flash           Conj/Hex       0%         N/A       99%         3
 Ozocubu's Armour         Ice            0%         N/A       99%         3
 Portal Projectile        Hex/Tloc       0%         N/A       99%         3
 Airstrike                Air            0%         2d(0-16)  100%        4
 Iskenderun's Mystic Bla  Conj/Tloc      0%         2d3       100%        4
 Leda's Liquefaction      Hex/Erth       0%         N/A       100%        4
 Olgreb's Toxic Radiance  Pois           0%         N/A       100%        4
 Petrify                  Tmut/Erth      0%         N/A       100%        4
 Summon Lightning Spire   Summ/Air       0%         N/A       100%        4
 Blade Hands              Tmut           0%         N/A       100%        5
 Irradiate                Conj/Tmut      0%         3d11      100%        5
 Lightning Bolt           Conj/Air       0%         1d11      100%        5
 Metabolic Englaciation   Hex/Ice        0%         N/A       100%        5
 Simulacrum               Ice/Necr       0%         N/A       100%        6
 Starburst                Conj/Fire      0%         6d3       100%        6
 Dragon Form              Tmut           0%         N/A       100%        7


Dungeon Overview and Level Annotations

Branches:
Dungeon (11/15)            Temple (0/1) D:4            Lair (0/5) D:8
Ossuary (visited)          Bailey (visited)
    Orc: D:9-12

Altars:
Fedhas
Kikubaaqudgha
Nemelex Xobeh
Qazlal
Sif Muna
Vehumet
Wu Jian
Yredelemnul
Zin

Shops:
D:5 *   D:10 (

Annotations:
D:11 Snorg


Innate Abilities, Weirdness & Mutations

You are too large for most types of armour.
You have claws for hands.
Your natural rate of healing is unusually fast.
You are covered in fur. (AC +1)
You have tough skin. (AC +1)


Message History

Aim: Snorg (heavily wounded, berserk, chance to affect: 29%)
Okay, then.
Aiming: Paralyse
Press: ? - help, Shift-Dir - straight line, f - Snorg
Aim: Snorg (heavily wounded, berserk, chance to affect: 17%) Snorg resists with almost no effort.
You block Snorg's attack. x4
Snorg claws you!
* * * LOW HITPOINT WARNING * * *
You feel more protected from physical attacks.
Snorg barely misses you.
Aiming: Paralyse
Press: ? - help, Shift-Dir - straight line, f/p - Snorg
Aim: Snorg (heavily wounded, berserk, chance to affect: 17%) Snorg resists with almost no effort.
A two-headed ogre comes into view.
It is wielding two +0 giant spiked clubs.
You block Snorg's attack. Snorg claws you!
* * * LOW HITPOINT WARNING * * *
You feel more protected from physical attacks.
Snorg claws you!
* * * LOW HITPOINT WARNING * * *
Unknown command.
You feel better.
You block Snorg's attack. x2; Snorg barely misses you.
You block Snorg's attack. Snorg barely misses you.
Snorg claws you but does no damage. Snorg attacks as you move away!
You block Snorg's attack. Snorg claws you but does no damage. Snorg claws you.
* * * LOW HITPOINT WARNING * * *
You feel more protected from physical attacks.
Snorg rages.
You block the two-headed ogre's attack. x2; Snorg closely misses you.
Snorg claws you.
* * * LOW HITPOINT WARNING * * *
You block Snorg's attack.
You feel better. Snorg bites you!
* * * LOW HITPOINT WARNING * * *
You block Snorg's attack. Snorg claws you.
* * * LOW HITPOINT WARNING * * *
You block the two-headed ogre's attack.
The two-headed ogre hits you with a +0 giant spiked club!
You die...

#...# #...# #######...#
####.....'...# #
######..#.....#...#
..####.†..#..#.....#...#
#...○.#§.'.††.....#...#
#..O#T.#.)#.....#...#
#.☼○@○.#..#######...#
#.....§..#............#
#####.#.☼#........<...#
#.#..#..#######...#
#....#..# #...#
#....#... #...# #....#
##### #. #.#


You could see Snorg (berserk) and a two-headed ogre.

Vanquished Creatures
  Erica (D:7)
  A two-headed ogre (D:10)
  An orc knight (Bailey)
  An ugly thing (D:6)
  A kobold demonologist (D:10)
  A troll (D:8)
  2 hornets (D:9)
  A shadow (D:6)
  10 yaks
  A wraith (D:10)
  A vampire (D:10)
  2 wyverns
  A basilisk (D:11)
  Grum (D:11)
  3 vampire mosquitoes
  A steam dragon (D:8)
  A warg (D:8)
  4 water moccasins
  3 ice beasts
  11 orc warriors
  2 black bears (D:7)
  7 ogres
  3 wolves (D:11)
  3 centaurs
  A phantom (D:5)
  5 bullfrogs
  4 kobold brigands
  A gnoll sergeant (D:8)
  6 scorpions
  2 necrophages
  7 wights
  5 killer bees (D:9)
  13 howler monkeys
  13 hounds
  4 jellies
  5 gnoll boudas
  3 orc priests
  4 iguanas
  17 orc wizards
  Terence (D:1)
  13 mummies (Ossuary)
  18 gnolls
  12 adders
  2 shadow imps
  4 white imps
  2 ufetubi
  2 worms
  2 dart slugs
  52 orcs
  3 bats (D:1)
  9 endoplasms
  A giant cockroach (D:2)
  6 hobgoblins
  9 quokkas
  7 ball pythons
  3 frilled lizards (D:3)
  2 gnoll skeletons (Ossuary)
  7 goblins
  2 goblin skeletons (Ossuary)
  15 kobolds
  4 orc skeletons (Ossuary)
  6 rats
  11 rat skeletons (Ossuary)
  A butterfly (D:4)
347 creatures vanquished.

Vanquished Creatures (others)
  An orc wizard (D:6)
  2 plants
3 creatures vanquished.

Grand Total: 350 creatures vanquished

Notes
Turn   | Place    | Note
-------+----------+-------------------------------------------
     0 | D:1      | Muataran the Troll Monk began the quest for the Orb.
     0 | D:1      | Reached XP level 1. HP: 22/22 MP: 0/0
   151 | D:1      | Reached XP level 2. HP: 23/29 MP: 1/1
   450 | D:2      | Reached skill level 4 in Unarmed Combat
   450 | D:2      | Reached XP level 3. HP: 27/36 MP: 2/2
   601 | D:2      | Reached XP level 4. HP: 31/45 MP: 3/3
   749 | D:3      | Found a stormy altar of Qazlal.
   826 | D:4      | Noticed a scorpion
   831 | D:3      | Killed a scorpion
   832 | D:3      | Reached skill level 5 in Unarmed Combat
   832 | D:3      | Reached XP level 5. HP: 53/53 MP: 4/4
   907 | D:4      | Found a radiant altar of Vehumet.
   918 | D:4      | Got Vehumet's Almanac of Combat Magic
  1103 | D:2      | Noticed Terence
  1145 | D:1      | Killed Terence
  1146 | D:1      | Reached XP level 6. HP: 62/62 MP: 5/5
  1745 | D:3      | Reached skill level 6 in Unarmed Combat
  2101 | D:3      | Became a worshipper of Qazlal Stormbringer
  2101 | D:3      | Reached * piety under Qazlal
  2101 | D:3      | Reached ** piety under Qazlal
  2249 | D:4      | Found a staircase to the Ecumenical Temple.
  2503 | D:4      | Found an ancient bone altar of Kikubaaqudgha.
  2510 | D:4      | Found a shimmering blue altar of Sif Muna.
  2629 | D:4      | Found a glowing silver altar of Zin.
  2942 | D:5      | Entered Level 5 of the Dungeon
  3140 | D:5      | Reached skill level 1 in Shields
  3140 | D:5      | Reached XP level 7. HP: 70/70 MP: 6/6
  3288 | D:5      | Reached skill level 7 in Unarmed Combat
  3357 | D:5      | Found Dajiefi's General Store.
  3449 | D:5      | Bought a scroll of magic mapping for 105 gold pieces
  3449 | D:5      | Bought a scroll of teleportation for 42 gold pieces
  4101 | D:5      | Found Dajiefi's General Store.
  4543 | D:6      | Reached XP level 8. HP: 76/79 MP: 7/7
  4609 | D:6      | Found a sparkling altar of Nemelex Xobeh.
  4690 | D:6      | Reached skill level 8 in Unarmed Combat
  4767 | D:6      | Reached skill level 5 in Fighting
  4948 | D:6      | Found an ornate altar of the Wu Jian Council.
  4948 | D:6      | Found a basalt altar of Yredelemnul.
  5561 | D:7      | Reached skill level 9 in Unarmed Combat
  5571 | D:7      | Noticed a cyan ugly thing
  5621 | D:6      | Reached XP level 9. HP: 59/89 MP: 8/8
  5655 | D:6      | Killed a cyan ugly thing
  5655 | D:6      | Reached *** piety under Qazlal
  5656 | D:6      | Reached skill level 10 in Unarmed Combat
  5694 | D:7      | Reached skill level 5 in Shields
  5737 | D:7      | Found a sand-covered staircase.
  5765 | Ossuary  | Entered an ossuary
  5922 | Ossuary  | Reached **** piety under Qazlal
  6154 | D:7      | Found a flagged portal.
  6163 | Bailey   | Entered a bailey
  6184 | Bailey   | Reached skill level 11 in Unarmed Combat
  6254 | Bailey   | Reached XP level 10. HP: 69/100 MP: 9/9
  6476 | Bailey   | Noticed an orc knight
  6516 | Bailey   | Killed an orc knight
  6782 | D:7      | Found a blossoming altar of Fedhas.
  7312 | D:8      | Noticed Erica
  7562 | D:7      | Killed Erica
  7563 | D:7      | Reached skill level 12 in Unarmed Combat
  7831 | D:7      | Found a blossoming altar of Fedhas.
  8242 | D:8      | Reached ***** piety under Qazlal
  8596 | D:8      | Reached XP level 11. HP: 106/110 MP: 10/10
  8913 | D:8      | Found a staircase to the Lair.
  9287 | D:9      | Reached skill level 13 in Unarmed Combat
  9524 | D:9      | Paralysed by a hornet for 3 turns
 10120 | D:10     | Entered Level 10 of the Dungeon
 10299 | D:10     | Noticed a two-headed ogre
 10308 | D:10     | Killed a two-headed ogre
 10455 | D:10     | Found Horhueb's Weapon Emporium.
 10895 | D:11     | Noticed Grum
 10898 | D:11     | Killed Grum
 10916 | D:11     | Noticed Snorg
 10918 | D:11     | Reached skill level 14 in Unarmed Combat
 10924 | D:11     | Noticed a two-headed ogre
 10924 | D:11     | HP: 2/113 [Snorg (15)]
 10928 | D:11     | Slain by a two-headed ogre

Illustrated notes

Levels and vault maps discovered:
D:1:      lemuel_arrival_tunnels, layout_loops_ring
D:2:      layout_rooms, uniq_terence
D:3:      layout_basic, general_overflow_altar, kennysheep_generic_room_12
D:4:      layout_basic, grunt_temple_overflow_magic_moments, zin_statuary,
          minmay_temple_entry_butterflies, corexii_shack
D:5:      layout_loops_ring, corexii_checkpoint_a, kennysheep_windowed_goal
D:6:      layout_cave_pods, nemelex_xobeh_ov_fountains_minmay,
          nicolae_overflow_two_pavilions
D:7:      cheibrodos_fzero, layout_basic, fedhas_altar_1, enter_ossuary_1,
          enter_bailey_6
D:8:      lemuel_castle_with_subvaults [lemuel_castle_interior_carwin_1],
          layout_loops_cross, dpeg_oklobed_lair, kennysheep_generic_room_3,
          uniq_erica
D:9:      layout_long_grid, minivault_25_ag, nrook_mini_backslash
D:10:     layout_irregular_city, serial_shops, nicolae_shop_crystal,
          nicolae_figureground_sparkle
D:11:     layout_stronghold, uniq_snorg, uniq_grum, uniq_psyche

Skill      XL: |  1  2  3  4  5  6  7  8  9 10 11 |
---------------+----------------------------------+-----
Unarmed Combat | 4 5 6 7 9 11 12 14 | 14.0
Fighting       | 3 4 5 6 7 8 |  8.6
Shields        | 1 2 4 5 7 8 |  8.1
Dodging        | |  2.4
Stealth        | |  1.0

Action                   |  1- 3 |  4- 6 |  7- 9 | 10-12 || total
-------------------------+-------+-------+-------+-------++-------
Melee: Unarmed           |    85 |   159 |   328 |   444 ||  1016
       Punch             |     2 |     5 |       |       ||     7
Evoke: Wand              |       |       |       |     2 ||     2
  Use: Scroll            |       |     3 |    10 |     1 ||    14
       Potion            |       |     1 |     1 |     4 ||     6
 Stab: Sleeping          |     1 |       |       |       ||     1
       Distracted        |       |     1 |       |       ||     1
Armor: Robe              |    34 |    28 |    48 |    13 ||   123
       Troll leather arm |       |       |       |    41 ||    41
Dodge: Dodged            |    42 |    71 |    72 |    71 ||   256
Block: Tower shield      |       |    10 |   274 |   467 ||   751
       Other             |       |     1 |       |       ||     1

Table legend: (Time is in decaauts)
 A = Elapsed time spent in this place.
 B = Non-inter-level travel time spent in this place.
 C = Inter-level travel time spent in this place.
 D = Time resting spent in this place.
 E = Time spent auto-exploring this place.
 F = Levels seen in this place.
 G = Mean time per level.
                   A        B        C        D        E       F      G
               +--------+--------+--------+--------+--------+-----+--------+
         Total |  11033 |  10355 |    678 |    291 |   7630 |  13 |  848.7 |
       Dungeon |  10180 |   9502 |    678 |    186 |   7214 |  11 |  925.5 |
       Ossuary |    345 |    345 |      0 |     32 |    182 |   1 |  345.0 |
        Bailey |    507 |    507 |      0 |     73 |    234 |   1 |  507.0 |
               +--------+--------+--------+--------+--------+-----+--------+

Top non-repeatable levels by time:
     D:7: 1667 daAuts
     D:5: 1484 daAuts
     D:6: 1176 daAuts
     D:8: 1168 daAuts
     D:4: 964 daAuts
     D:9: 822 daAuts
     D:3: 760 daAuts
    D:10: 749 daAuts
     D:1: 735 daAuts
     D:2: 593 daAuts
  Bailey: 507 daAuts
 Ossuary: 345 daAuts
    D:11: 57 daAuts
